 Dungeon Crawl Stone Soup version 0.31.0-11-ge490571c62 (webtiles) character file.

Game seed: 2028970593931459272

554690 shadowrider38 the Magus (level 25, -2/214 HPs)
             Began as a Mummy Delver on Feb 6, 2024.
             Was an Elder of Nemelex Xobeh.
             Slain by a Killer Klown
             ... wielding a +9 club of holy wrath
              (30 damage)
             ... on level 5 of the Realm of Zot on Feb 7, 2024.
             The game lasted 02:13:44 (70419 turns).

shadowrider38 the Magus (Mummy Delver)             Turns: 70419, Time: 02:13:44

Health: -2/214     AC: 33    Str: 28    XL:     25   Next: 16%
Magic:  38/38      EV:  2    Int: 12    God:    Nemelex Xobeh [****..]
Gold:   5267       SH: 13    Dex: 15    Spells: 24/24 levels left

rFire   . . .        b - +9 broad axe (heavy)
rCold   + + .        M - +0 kite shield {AC+3}
rNeg    + + +        l - +1 gold dragon scales
rPois   ∞            z - +0 mask of the Dragon {Will+ Slay+3 SInv}
rElec   +            q - +2 cloak
rCorr   +            w - +2 pair of gloves {Str+3}
SInv    +            p - +2 pair of boots {rampage}
Will    ++++.        r - amulet of regeneration Stlth
                     f - ring of protection from fire
HPRegen 1.35/turn    U - ring "Eptaps" {^Drain rElec rCorr Dex+2, =R}
MPRegen 0.26/turn

%: rampage, faith
@: silenced (expiring), fire vulnerable, vertiginous, fragile (+50% incoming
damage)
A: cold resistance 1, negative energy resistance 3, torment resistance 2, heat
vulnerability 1, in touch with death 2, no potions, faith
}: 3/15 runes: barnacled, abyssal, gossamer
a: Renounce Religion


You were on level 5 of the Realm of Zot.
You worshipped Nemelex Xobeh.
Nemelex Xobeh was greatly pleased with you.
You visited 9 branches of the dungeon, and saw 46 of its levels.
You visited the Abyss 1 time.
You also visited: Bailey.

You collected 7030 gold pieces.
You spent 1763 gold pieces at shops.

Inventory:

Hand Weapons
 a - the +7 broad axe of the Several Quests {freeze, Int+3}
   (You took it off a tengu conjurer on level 3 of the Depths)

   Int+3:     It affects your intelligence (+3).
 b - a +9 heavy broad axe (weapon)
 g - the +5 war axe of Qitruoch {drain, rElec rF+ rC+ Int-4}
   (You found it on level 6 of the Dungeon)

   Int-4:     It affects your intelligence (-4).
   rF+:       It protects you from fire.
   rC+:       It protects you from cold.
   rElec:     It insulates you from electricity.
Missiles
 t - 76 boomerangs (quivered)
 v - 23 javelins
 x - 14 silver javelins
 F - 7 curare-tipped darts
 J - 9 atropa-tipped darts
 Z - 3 throwing nets
Armour
 h - a +3 chain mail of willpower
 l - +1 gold dragon scales (worn)
 p - a +2 pair of boots of rampaging (worn)
 q - a +2 cloak (worn)
 s - the +0 chain mail "Huhehi" {+Inv rC++}
   (You found it on level 3 of the Depths)

   rC++:      It greatly protects you from cold.
   +Inv:      It lets you turn invisible.
 w - a +2 pair of gloves of strength (worn)
 z - the +0 mask of the Dragon (worn) {Will+ Slay+3 SInv}
   (You found it on level 3 of the Elven Halls)

   Slay+3:    It affects your accuracy & damage with ranged weapons and melee
   (+3).
   Will+:     It increases your willpower.
   SInv:      It lets you see invisible.
 C - the +1 pair of boots of the Stallion {+Blink}
   (You found it on level 2 of the Vaults)

   +Blink:    It lets you blink.
 G - a +0 chain mail of fire resistance
 M - a +0 kite shield of protection (worn)
 W - +7 storm dragon scales {Bai Suzhen}
Jewellery
 c - a ring of protection from cold
 d - a ring of fire
 f - a ring of protection from fire (left hand)
 m - a ring of willpower
 r - an amulet of regeneration (around neck)
 y - a +4 ring of slaying
 E - a +5 ring of evasion
 L - the ring "Megint" {Fly rN+}
   (You took it off a tengu warrior on level 1 of the Depths)

   [ring of positive energy]

   rN+:       It protects you from negative energy.
   Fly:       It grants you flight.
 U - the ring "Eptaps" (right hand) {^Drain rElec rCorr Dex+2, =R}
   (You took it off a deep elf annihilator on level 3 of the Elven Halls)

   [ring of resist corrosion]

   Dex+2:     It affects your dexterity (+2).
   rElec:     It insulates you from electricity.
   rCorr:     It protects you from acid and corrosion.
   ^Drain:    It drains your maximum health when unequipped.
Wands
 A - a wand of mindburst (31)
 D - a wand of digging (18)
 H - a wand of quicksilver (10)
 I - a wand of iceblast (12)
 P - a wand of paralysis (52)
 Q - a wand of polymorph (22)
 V - a wand of flame (129)
Scrolls
 e - 4 scrolls of enchant weapon
 i - 7 scrolls of noise
 j - 2 scrolls of torment
 k - 3 scrolls of poison
 n - 3 scrolls of revelation
 u - 6 scrolls of immolation
 K - a scroll of acquirement
 N - 6 scrolls of vulnerability
 R - 27 scrolls of identify
 S - 7 scrolls of fog
 T - 8 scrolls of teleportation
Miscellaneous
 X - a box of beasts


   Skills:
 + Level 21.3 Fighting
 - Level 17.6(18.0) Axes
 - Level 4.0(12.1) Maces & Flails
 - Level 4.2(12.2) Polearms
 + Level 12.3 Throwing
 - Level 12.0 Armour
 - Level 5.0 Dodging
 - Level 4.1 Stealth
 - Level 15.0 Shields
 + Level 22.0 Invocations
 - Level 6.0 Evocations


You had 24 spell levels left.
You didn't know any spells.
Your spell library contained the following spells:

 Spells                   Type           Power      Damage    Failure   Level
 Apportation              Tloc           0%         N/A       100%        1
 Foxfire                  Conj/Fire      0%         2x1d4     100%        1
 Freeze                   Ice            0%         1d3       100%        1
 Kiss of Death            Conj/Necr      0%         2d5       100%        1
 Necrotise                Necr           0%         1d4       100%        1
 Slow                     Hex            0%         N/A       100%        1
 Sting                    Conj/Alch      0%         1d3       100%        1
 Summon Small Mammal      Summ           0%         N/A       100%        1
 Call Imp                 Summ           0%         N/A       100%        2
 Cigotuvi's Dreadful Rot  Necr/Alch/Air  0%         N/A       100%        2
 Jinxbite                 Hex            0%         N/A       100%        2
 Mercury Vapours          Alch/Air       0%         N/A       100%        2
 Scorch                   Fire           0%         2d5       100%        2
 Static Discharge         Conj/Air       0%         3-3/arc   100%        2
 Call Canine Familiar     Summ           0%         N/A       100%        3
 Confusing Touch          Hex            0%         N/A       100%        3
 Dazzling Flash           Conj/Hex       0%         N/A       100%        3
 Frozen Ramparts          Ice            0%         1d1       100%        3
 Fugue of the Fallen      Necr           0%         N/A       100%        3
 Hailstorm                Conj/Ice       0%         3d5       100%        3
 Inner Flame              Hex/Fire       0%         N/A       100%        3
 Ozocubu's Armour         Ice            0%         N/A       100%        3
 Sigil of Binding         Hex            0%         N/A       100%        3
 Summon Ice Beast         Ice/Summ       0%         N/A       100%        3
 Tukima's Dance           Hex            0%         N/A       100%        3
 Vampiric Draining        Necr           0%         2d6       100%        3
 Volatile Blastmotes      Fire/Tloc      0%         2d10      100%        3
 Airstrike                Air            0%         2d(0-16)  100%        4
 Anguish                  Hex/Necr       0%         N/A       100%        4
 Animate Armour           Summ/Erth      0%         N/A       100%        4
 Animate Dead             Necr           0%         N/A       100%        4
 Brom's Barrelling Bould  Conj/Erth      0%         2d3       100%        4
 Cause Fear               Hex            0%         N/A       100%        4
 Dimensional Bullseye     Hex/Tloc       0%         N/A       100%        4
 Dispel Undead            Necr           0%         3d6       100%        4
 Flame Wave               Conj/Fire      0%         2d4       100%        4
 Ignite Poison            Fire/Alch      0%         N/A       100%        4
 Iskenderun's Mystic Bla  Conj/Tloc      0%         2d3       100%        4
 Leda's Liquefaction      Alch/Erth      0%         N/A       100%        4
 Manifold Assault         Tloc           0%         N/A       100%        4
 Martyr's Knell           Necr/Summ      0%         N/A       100%        4
 Sticky Flame             Fire/Alch      0%         2d4       100%        4
 Summon Blazeheart Golem  Fire/Summ      0%         N/A       100%        4
 Summon Lightning Spire   Summ/Air       0%         N/A       100%        4
 Alistair's Intoxication  Alch           0%         N/A       100%        5
 Arcjolt                  Conj/Air       0%         1d10      100%        5
 Borgnjor's Vile Clutch   Necr/Erth      0%         N/A       100%        5
 Freezing Cloud           Conj/Ice/Air   0%         6-21      100%        5
 Iskenderun's Battlesphe  Conj           0%         2d6       100%        5
 Lee's Rapid Deconstruct  Erth           0%         3d4*      100%        5
 Summon Forest            Summ/Tloc      0%         N/A       100%        5
 Summon Mana Viper        Hex/Summ       0%         N/A       100%        5
 Bombard                  Conj/Erth      0%         9d1       100%        6
 Death Channel            Necr           0%         N/A       100%        6
 Eringya's Noxious Bog    Alch           0%         4d6       100%        6
 Plasma Beam              Fire/Air       0%         2x1d10    100%        6
 Sculpt Simulacrum        Ice/Alch       0%         N/A       100%        6
 Starburst                Conj/Fire      0%         6d3       100%        6
 Summon Cactus Giant      Summ           0%         N/A       100%        6
 Enfeeble                 Hex            0%         N/A       100%        7
 Haunt                    Necr/Summ      0%         N/A       100%        7
 Monstrous Menagerie      Summ           0%         N/A       100%        7
 Orb of Destruction       Conj           0%         9d5       100%        7
 Spellforged Servitor     Conj/Summ      0%         N/A       100%        7
 Summon Hydra             Summ           0%         N/A       100%        7
 Ignition                 Fire           0%         3d3       100%        8
 Infestation              Necr           0%         N/A       100%        8
 Maxwell's Capacitive Co  Air            0%         ∞         100%        8
 Summon Horrible Things   Summ           0%         N/A       100%        8
 Chain Lightning          Conj/Air       0%         N/A       100%        9
 Fire Storm               Conj/Fire      0%         5d1       100%        9
 Shatter                  Erth           0%         3d5*      100%        9


Dungeon Overview and Level Annotations

Branches:
Dungeon (15/15) Zot: 23700  Temple (0/1) D:4            Lair (5/5) D:11 Zot: 24693
 Shoals (4/4) Lair:2 Zot: 19344  Spider (4/4) Lair:2 Zot: 18184   Slime (0/5) Lair:4
    Orc (2/2) D:9 Zot: 10381     Elf (3/3) Orc:2 Zot: 9408  Vaults (4/5) D:14 Zot: 17411
  Crypt (0/3) Vaults:3     Depths (4/4) D:15 Zot: 16741     Zot (5/5) Depths:4 Zot: 20894
 Bailey (visited)

Altars:
Cheibriados
Dithmenos
Gozag
Makhleb
Nemelex Xobeh
Okawaru
Ru
Sif Muna
Trog
Uskayaw
Jiyva

Shops:
D:13 (   D:14 ?   Orc:2 ([*:   Vaults:1 !   Vaults:3 *   Vaults:4 ?

Portals:
Hell: Depths:1 Depths:2 Depths:3 Depths:4
Abyss: Depths:1 Depths:2 Depths:3
Pandemonium: Depths:2 Depths:3
Ziggurat: Depths:3
Trove: D:10 (give +4 storm dragon scales)

Annotations:
D:1 exclusion: downstairs
Shoals:1 8 transporters, exclusion: downstairs, case's ghost, adept MiBe
Shoals:2 Roxanne
Spider:1 exclusion: downstairs
Elf:1 3 runed translucent doors, gorgonaught's ghost, journeyman MiFi
Zot:5 1 exclusion


Innate Abilities, Weirdness & Mutations

You are immune to poison.
Your flesh is cold resistant. (rC+)
You are immune to negative energy. (rN+++)
You are immune to unholy pain and torment.
You are vulnerable to heat. (rF-)
You are strongly in touch with the powers of death.
You do not drink.
You have a special connection with the divine. (Faith)


Message History

You block the Killer Klown's attack.
The Killer Klown tickles you but does no damage.
You hit the Killer Klown but do no damage.
The Killer Klown is severely wounded.
You slice the Killer Klown!! You block the Killer Klown's attack.
The Killer Klown pies you viciously! The klown pie hits you.
Cherry!
Cherry-coloured flames burn away your fire resistance!
You closely miss the Killer Klown.
The Killer Klown is severely wounded.
You slash the Killer Klown! The Killer Klown pies you viciously!
The klown pie hits you!!
Plum!
You feel your light-headedness will last longer.
The Killer Klown blinks!
The Killer Klown pies you viciously!
The klown pie hits you but does no damage.
You miss the Killer Klown.
The Killer Klown is moderately wounded.
The Killer Klown hits you but does no damage.
You block the Killer Klown's attack.
You barely miss the Killer Klown.
The Killer Klown is severely wounded.
You closely miss the Killer Klown.
The Killer Klown trip-wires you but does no damage.
The Killer Klown karate-kicks you with a +10 club!!
You slash the Killer Klown!
The Killer Klown is severely wounded.
You closely miss the Killer Klown. You block the Killer Klown's attack.
The Killer Klown pies you viciously! The klown pie hits you.
Peanut brittle!
Your body becomes as fragile as glass!
You block the Killer Klown's attack.
You hit the Killer Klown but do no damage.
The Killer Klown is severely wounded.
You slice the Killer Klown!!
The Killer Klown pokes you with a +10 club!
* * * LOW HITPOINT WARNING * * *
You block the Killer Klown's attack.
The Killer Klown blinks!
Unknown command.
You barely miss the Killer Klown.
The Killer Klown is heavily wounded.
The Killer Klown does a flip.
The Killer Klown pinches you with a +9 club of holy wrath!!
* * * LOW HITPOINT WARNING * * *
You convulse!!
You die...
Your body glows with a rainbow of weird colours and disappears.

#.### ##§# #.§# *
########.######## ******* **
#...............# **,,,,,, ,**
##.............## **,,,,,,, ,,**
#.............# **,,,,,,,, ,,,*
##...........## *,,,,,,,,, ,,,*
#........@..# *,,,,,,,,, ,,,*
##.........p.## *,,,,,,,., ,,,*
#.............# *,^,,,,.., ,,,*
*#.....p....^..## *,,,,,...,
,,,**#...............##*,,,,..D.,
^,**#...###########...###,,.....,
,**....## ##....##......^
,,^..##* ###...^......, **▓▓▓*
#▓▓▓▓▓▓▓▓▓▓*


You could see 2 Killer Klowns.

Vanquished Creatures
  3 orbs of fire
  An ancient lich (Zot:5)
  A juggernaut (Depths:3)
  A caustic shrike (Depths:3)
  A curse toe (Zot:3)
  9 golden dragons
  Arachne (Spider:2)
  A profane servitor (Abyss:3)
  A bone dragon (Abyss:3)
  Jorgrun (Orc:2)
  A Hell Sentinel (Abyss:3)
  3 liches
  A walking earthen tome (Depths:3)
  7 Orb Guardians (Zot:5)
  3 quicksilver dragons
  9 tentacled monstrosities
  2 krakens
  2 deep elf master archers (Elf:3)
  2 deep elf blademasters (Elf:3)
  A walking divine tome (Depths:3)
  2 sphinxes
  Polyphemus (Shoals:2)
  4 tentacled starspawn (Abyss:3)
  7 death cobs
  5 tengu reavers
  11 storm dragons
  Donald (Vaults:4)
  A fenstrider witch (Vaults:3)
  6 protean progenitors
  5 shadow dragons
  6 draconian monks
  10 fire giants
  5 emperor scorpions
  5 draconian knights
  5 draconian scorchers
  7 frost giants
  2 deep elf sorcerers
  2 balrugs
  12 vault wardens
  4 deep elf elementalists (Elf:3)
  An orc warlord (Orc:1)
  11 ghost moths
  5 draconian shifters
  3 spriggan defenders
  7 ironbound preservers
  5 broodmothers
  9 ironbound thunderhulks
  5 draconian stormcallers
  3 formless jellyfish
  17 stone giants
  7 draconian annihilators
  7 green draconians
  5 deep elf death magi (Elf:3)
  11 black draconians
  32 very ugly things
  6 deep elf demonologists
  A dire elephant (Vaults:3)
  A lorocyproca (Abyss:3)
  A bunyip (D:15)
  9 deep elf annihilators
  5 vampire knights
  12 red draconians
  A war gargoyle (Vaults:4)
  7 white draconians
  8 yellow draconians
  20 spark wasps
  6 ettins
  17 purple draconians
  An eidolon (Vaults:3)
  9 merfolk impalers
  4 entropy weavers
  2 deep elf high priests (Elf:3)
  8 fire dragons
  6 merfolk javelineers
  6 great orbs of eyes
  8 rakshasas
  13 yaktaur captains
  11 ice dragons
  Harold (D:10)
  2 ogre magi
  5 hydras
  2 peacekeepers
  8 vault guards
  2 merfolk avatars
  2 jorogumos (Spider:2)
  6 ironbound frosthearts
  A catoblepas (Lair:4)
  6 radroaches
  2 spriggan air magi
  10 centaur warriors
  42 dancing weapons
  5 satyrs
  An alligator (Depths:4)
  2 alligator snapping turtles (Shoals:4)
  9 boulder beetles
  A death knight (Vaults:2)
  4 two-headed ogres
  10 deep troll earth magi
  4 deep troll shamans
  6 merfolk aquamancers
  A hell hog (Spider:4)
  2 orc high priests
  4 demonic crawlers
  7 death yaks
  5 thrashing horrors (Abyss:3)
  An occultist (Depths:1)
  7 tengu warriors
  2 spriggan berserkers
  A shock serpent (shapeshifter) (Depths:2)
  3 vampire magi
  A soul eater (Depths:1)
  4 sun demons
  A hell knight (Depths:4)
  8 pharaoh ants
  15 deep elf knights
  Nergalle (D:10)
  4 skysharks
  5 iron trolls
  12 sea snakes
  29 deep trolls
  9 skeletal warriors
  An orb spider (shapeshifter) (D:15)
  A swamp dragon (Depths:1)
  2 flayed ghosts
  Amaemon (D:8)
  6 glowing orange brains
  4 orb spiders
  2 glowing orange brains (shapeshifter)
  A mana viper (D:15)
  13 steelbarb worms
  16 deep elf archers
  12 lindwurms
  29 starcursed masses (Abyss:3)
  2 necromancers
  A steelbarb worm (shapeshifter) (Depths:3)
  4 arcanists
  29 deep elf pyromancers
  A phantasmal warrior (Vaults:2)
  14 harpies
  17 ironbound convokers
  6 orc knights
  63 ugly things
  Pikel (D:8)
  26 deep elf zephyrmancers
  6 cyclopes
  A shining eye (Depths:4)
  16 wolf spiders
  5 orc sorcerers
  A cyclops (shapeshifter) (Depths:1)
  Maurice (D:12)
  17 manticores
  7 merfolk sirens
  A salamander (Depths:2)
  30 moths of wrath
  Joseph (D:8)
  A meliai (shapeshifter) (Elf:1)
  4 elephants
  A rust devil (Abyss:3)
  2 black mambas
  3 smoke demons
  2 torpor snails
  6 water nymphs
  An eye of devastation (Abyss:3)
  An eye of devastation (shapeshifter) (Shoals:2)
  A gargoyle (D:12)
  5 meliai
  7 kobold blastminers
  14 vault sentinels
  12 cane toads
  A hellion (Depths:1)
  An orange demon (D:8)
  Jeremiah (D:8)
  7 large abominations (Abyss:3)
  8 rime drakes
  5 unseen horrors (Elf:1)
  Maggie (D:8)
  31 yaktaurs
  7 komodo dragons
  3 kobold demonologists (D:12)
  4 tengu conjurers
  2 ancient zymes (Abyss:3)
  An efreet (D:15)
  A freezing wraith (D:15)
  A queen bee (shapeshifter) (D:12)
  7 trolls
  2 merfolk (shapeshifter)
  7 wind drakes
  28 merfolk
  A queen bee (Shoals:2)
  A hellwing (Abyss:3)
  6 polar bears (Lair:5)
  5 hornets
  Prince Ribbit (Bailey)
  27 tarantellas
  A hornet (shapeshifter) (Elf:3)
  2 tyrant leeches (Zot:5)
  A blink frog (shapeshifter) (D:14)
  8 raiju
  2 glass eyes
  18 snapping turtles
  23 blink frogs
  2 dream sheep (Lair:5)
  18 slime creatures
  A shapeshifter (Shoals:2)
  27 culicivoras
  A shadow (D:12)
  3 wraiths
  13 spriggans
  20 water elementals
  26 jumping spiders
  2 ynoxinuls (Abyss:3)
  53 yaks
  4 air elementals
  3 wyverns
  9 humans
  7 small abominations (Abyss:3)
  3 basilisks
  6 fire elementals
  A hog (shapeshifter) (D:10)
  A human (shapeshifter) (Abyss:3)
  3 wargs
  A steam dragon (D:8)
  2 golden eyes
  5 neqoxecs (Abyss:3)
  87 redbacks
  Grum (D:10)
  A chaos spawn (Abyss:3)
  Menkaure (D:5)
  A naga (Orc:2)
  18 water moccasins
  4 acid dragons
  A water moccasin (shapeshifter) (Elf:1)
  A black bear (shapeshifter) (D:15)
  35 orc warriors
  2 black bears
  A sky beast (Spider:4)
  4 laughing skulls
  7 ogres
  6 centaurs
  30 wolves
  8 boggarts
  3 phantoms
  3 kobold brigands
  3 lemures (D:8)
  2 weeping skulls (Abyss:3)
  A brain worm (Abyss:3)
  19 bullfrogs
  5 earth elementals
  2 scorpions
  3 wights (D:8)
  14 killer bees
  8 howler monkeys
  An electric eel (Lair:1)
  4 bombardier beetles
  A gnoll bouda (D:7)
  33 orc priests
  3 hounds
  6 jellies
  Crazy Yiuf (D:4)
  2 iguanas
  2 sleepcaps
  Ijyb (D:4)
  27 orc wizards
  11 gnolls
  10 adders
  A shadow imp (D:7)
  3 white imps (Abyss:3)
  4 ufetubi
  4 ribbon worms
  2 dart slugs
  115 orcs
  7 bats
  7 endoplasms
  5 giant cockroaches
  11 goblins
  7 hobgoblins
  3 jackals (D:2)
  7 ball pythons
  5 frilled lizards
  18 kobolds
  9 rats
  A lurking horror (Abyss:3)
  6 starspawn tentacles (Abyss:3)
  6 tentacles
2112 creatures vanquished.

Vanquished Creatures (collateral kills)
  3 tentacled monstrosities (Zot:4)
  Rupert (Lair:5)
  A lich (Abyss:3)
  A quicksilver dragon (Zot:4)
  An Executioner (Abyss:3)
  Frances (Spider:2)
  A tentacled starspawn (Abyss:3)
  A shadow dragon (Zot:1)
  A vault warden (Vaults:4)
  A very ugly thing (Depths:2)
  2 broodmothers (Spider:4)
  A stone giant (Depths:4)
  An entropy weaver (Spider:2)
  A merfolk impaler (Shoals:4)
  A vault guard (Bailey)
  A rakshasa (D:15)
  A catoblepas (Shoals:2)
  3 dancing weapons (Elf:2)
  A merfolk avatar (Shoals:4)
  2 spriggan air magi (Depths:2)
  The ghost of Rassilon the Basher, a journeyman GrFi of the Shining One (D:10)
  A boulder beetle (Spider:2)
  2 deep troll shamans (Depths:4)
  A hell hog (Abyss:3)
  2 death yaks (Lair:4)
  2 thrashing horrors (Abyss:3)
  A sun demon (Abyss:3)
  A demonic crawler (Spider:4)
  Urug (Lair:5)
  An orc high priest (Elf:2)
  A wretched star (Abyss:3)
  A skyshark (Lair:3)
  3 sea snakes (Shoals:1)
  A steelbarb worm (Spider:4)
  5 starcursed masses (Abyss:3)
  A deep elf zephyrmancer (Elf:2)
  An ugly thing (Depths:2)
  2 wolf spiders (Spider:4)
  A vault sentinel (Vaults:4)
  A merfolk siren (Shoals:1)
  An orange demon (Abyss:3)
  A water nymph (Shoals:4)
  A torpor snail (Spider:2)
  2 large abominations (Abyss:3)
  A smoke demon (Abyss:3)
  An ancient zyme (Abyss:3)
  2 merfolk (Shoals:4)
  2 tarantellas (Spider:2)
  A troll (Elf:2)
  A polar bear (Lair:3)
  A hornet (Lair:5)
  4 blink frogs (Lair:5)
  2 spriggans (Lair:5)
  A snapping turtle (Shoals:4)
  4 jumping spiders
  3 slime creatures (D:15)
  An air elemental (Elf:2)
  A ynoxinul (Abyss:3)
  A yak (Lair:4)
  A redback (Spider:2)
  2 water moccasins
  2 orc warriors (Orc:2)
  3 black bears
  3 laughing skulls (Abyss:3)
  A boggart (Lair:5)
  8 wolves
  A brain worm (Abyss:3)
  A naga simulacrum (Abyss:3)
  2 orc priests
  An orc (Orc:2)
112 creatures vanquished.

Vanquished Creatures (others)
  2 fire giants
  A green death (Abyss:3)
  A fire dragon (D:15)
  2 deep elf knights
  An unseen horror (Elf:1)
  4 orcs
  A lurking horror (Abyss:3)
  7 starspawn tentacles (Abyss:3)
  22 tentacles
41 creatures vanquished.

Grand Total: 2265 creatures vanquished

Notes
Turn   | Place    | Note
-------+----------+-------------------------------------------
     0 | D:5      | shadowrider38 the Mummy Delver began the quest for the Orb.
     0 | D:5      | Reached XP level 1. HP: 18/18 MP: 1/1
   175 | D:4      | Reached XP level 2. HP: 21/25 MP: 2/2
   876 | D:1      | Reached XP level 3. HP: 30/30 MP: 3/3
  1795 | D:2      | Reached XP level 4. HP: 37/37 MP: 4/4
  4275 | D:3      | Found a sparkling altar of Nemelex Xobeh.
  4276 | D:3      | Found a snail-covered altar of Cheibriados.
  4293 | D:3      | Became a worshipper of Nemelex Xobeh the Trickster
  4364 | D:4      | Found a runed translucent door.
  4365 | D:4      | Noticed Crazy Yiuf
  4504 | D:4      | Noticed Ijyb
  4581 | D:4      | Found a staircase to the Ecumenical Temple.
  4623 | D:4      | Reached XP level 5. HP: 28/42 MP: 5/5
  5055 | D:4      | Found a sacrificial altar of Ru.
  5266 | D:5      | Reached * piety under Nemelex Xobeh
  5381 | D:5      | Noticed a yak
  5381 | D:5      | Noticed a yak
  5381 | D:5      | Noticed a yak
  5503 | D:5      | Reached skill level 3 in Maces & Flails
  5612 | D:5      | Noticed Menkaure
  5622 | D:5      | Killed Menkaure
  5623 | D:5      | Reached XP level 6. HP: 11/48 MP: 6/6
  5868 | D:5      | Received a gift from Nemelex Xobeh
  5884 | D:5      | Reached skill level 3 in Polearms
  6167 | D:6      | Reached ** piety under Nemelex Xobeh
  6194 | D:6      | Reached XP level 7. HP: 55/55 MP: 7/7
  6524 | D:6      | Identified the +5 war axe of Qitruoch {drain, rElec rF+ rC+
                  | Int-4}
  6607 | D:6      | Received a gift from Nemelex Xobeh
  7268 | D:4      | Killed a yak
  7269 | D:4      | Reached skill level 3 in Axes
  7307 | D:4      | Killed Crazy Yiuf
  7308 | D:4      | Reached XP level 8. HP: 47/62 MP: 8/8
  8682 | D:4      | Killed Ijyb
  9610 | D:7      | Found a flagged portal.
  9722 | D:7      | Reached skill level 3 in Armour
  9729 | Bailey   | Entered a bailey
  9729 | Bailey   | Reached *** piety under Nemelex Xobeh
  9740 | Bailey   | Reached XP level 9. HP: 68/68 MP: 9/9
  9746 | Bailey   | Reached skill level 1 in Invocations
  9775 | Bailey   | Reached skill level 2 in Invocations
  9853 | Bailey   | Reached skill level 3 in Invocations
  9873 | Bailey   | Noticed Prince Ribbit
  9883 | Bailey   | Killed Prince Ribbit
  9898 | Bailey   | Noticed a vault guard
  9906 | Bailey   | Killed a vault guard
  9907 | Bailey   | Reached skill level 9 in Axes
  9907 | Bailey   | Reached XP level 10. HP: 67/74 MP: 12/12
  9947 | Bailey   | Noticed a vault guard
  9962 | Bailey   | Killed a vault guard
 10105 | D:7      | Found a shadowy altar of Dithmenos.
 10215 | D:7      | Received a gift from Nemelex Xobeh
 10352 | D:7      | Found a shimmering blue altar of Sif Muna.
 10487 | D:8      | Noticed Jeremiah
 10501 | D:8      | Paralysed by Jeremiah for 3 turns
 10506 | D:8      | Killed Jeremiah
 10507 | D:8      | Reached skill level 4 in Invocations
 10559 | D:8      | Noticed Joseph
 10568 | D:8      | Killed Joseph
 10607 | D:8      | Noticed Pikel
 10716 | D:8      | Reached **** piety under Nemelex Xobeh
 10784 | D:8      | Noticed a tengu warrior
 10806 | D:8      | Killed a tengu warrior
 10814 | D:8      | Noticed a tengu warrior
 10826 | D:8      | Killed a tengu warrior
 10876 | D:8      | Received a gift from Nemelex Xobeh
 11097 | D:8      | Reached XP level 11. HP: 82/83 MP: 14/14
 11120 | D:8      | Received a gift from Nemelex Xobeh
 11123 | D:8      | Reached skill level 5 in Invocations
 11169 | D:8      | Killed Pikel
 11224 | D:8      | Noticed Maggie
 11238 | D:8      | Killed Maggie
 11328 | D:8      | Found an opulent altar of Gozag.
 11338 | D:8      | Noticed Amaemon
 11352 | D:8      | Killed Amaemon
 11523 | D:8      | Found a burning altar of Makhleb.
 11690 | D:9      | Received a gift from Nemelex Xobeh
 11691 | D:9      | Found a staircase to the Orcish Mines.
 11783 | D:9      | Reached ***** piety under Nemelex Xobeh
 11859 | D:9      | Noticed Erolcha
 11863 | D:9      | Erolcha changed into Erolcha the howler monkey
 11863 | D:9      | Noticed Erolcha
 11863 | D:9      | Killed Erolcha the howler monkey
 12094 | D:10     | Entered Level 10 of the Dungeon
 12180 | D:10     | Noticed Grum
 12187 | D:10     | Killed Grum
 12279 | D:10     | Noticed Nergalle
 12285 | D:10     | Killed Nergalle
 12314 | D:10     | Noticed a two-headed ogre
 12452 | D:10     | Reached skill level 6 in Invocations
 12689 | D:10     | Found a portal to a secret trove of treasure.
 12773 | D:10     | Noticed Harold
 12789 | D:10     | Killed Harold
 12887 | D:10     | Noticed Sonja
 12891 | D:10     | Sonja changed into Sonja the shapeshifter
 12891 | D:10     | Noticed Sonja
 12892 | D:10     | Sonja the shapeshifter changed into Sonja the hog
 12892 | D:10     | Noticed Sonja (shapeshifter)
 12900 | D:10     | Killed Sonja the hog
 12941 | D:11     | Found an opulent altar of Gozag.
 12942 | D:11     | Found a runed translucent gate.
 12943 | D:11     | Found a runed translucent gate.
 12943 | D:11     | Noticed a two-headed ogre
 12949 | D:11     | Found a runed translucent gate.
 12954 | D:11     | Killed a two-headed ogre
 12955 | D:11     | Reached skill level 7 in Invocations
 12965 | D:11     | Noticed an eight-headed hydra
 12965 | D:11     | Noticed a cyan ugly thing
 12966 | D:11     | Noticed a centaur warrior
 12966 | D:11     | Noticed Rassilon's ghost (journeyman GrFi)
 12984 | D:11     | Noticed a boulder beetle
 13007 | D:11     | Killed a boulder beetle
 13010 | D:11     | Noticed a two-headed ogre
 13016 | D:11     | Killed a two-headed ogre
 13017 | D:11     | Reached XP level 12. HP: 80/92 MP: 17/17
 13155 | D:11     | Found a staircase to the Lair.
 13284 | D:11     | Received a gift from Nemelex Xobeh
 13339 | D:11     | Reached skill level 8 in Invocations
 13504 | Lair:1   | Entered Level 1 of the Lair of Beasts
 13958 | Lair:1   | Received a gift from Nemelex Xobeh
 14410 | Lair:2   | Reached skill level 9 in Fighting
 14550 | Lair:2   | Gained mutation: You are strongly in touch with the powers
                  | of death. [Mummy growth]
 14550 | Lair:2   | Reached XP level 13. HP: 93/101 MP: 19/19
 14586 | Lair:2   | Found a hole to the Spider Nest.
 14985 | Lair:2   | Found a staircase to the Shoals.
 15186 | Lair:3   | Received a gift from Nemelex Xobeh
 15328 | Lair:3   | Received a gift from Nemelex Xobeh
 15436 | Lair:3   | Received a gift from Nemelex Xobeh
 15744 | Lair:3   | Reached ****** piety under Nemelex Xobeh
 15749 | Lair:3   | Received a gift from Nemelex Xobeh
 15921 | Lair:4   | Found a staircase to the Slime Pits.
 15926 | Lair:4   | Found a viscous altar of Jiyva.
 16072 | Lair:4   | Reached skill level 3 in Dodging
 16199 | Lair:4   | Received a gift from Nemelex Xobeh
 16653 | Lair:4   | Received a gift from Nemelex Xobeh
 16725 | Lair:5   | Entered Level 5 of the Lair of Beasts
 16749 | Lair:5   | Noticed Rupert
 16767 | Lair:5   | Killed Rupert
 16845 | Lair:5   | Reached skill level 9 in Invocations
 16998 | Lair:5   | Received a gift from Nemelex Xobeh
 17102 | Lair:5   | Reached XP level 14. HP: 109/110 MP: 20/20
 17313 | Lair:5   | Reached skill level 15 in Axes
 17378 | Lair:5   | Noticed Urug
 18022 | Lair:5   | Received a gift from Nemelex Xobeh
 18029 | Lair:5   | Got the Compendium of Geological Misery
 18083 | Lair:5   | Killed Urug
 18084 | Lair:5   | Reached skill level 10 in Invocations
 18649 | Orc:1    | Entered Level 1 of the Orcish Mines
 18833 | Orc:1    | Reached skill level 3 in Shields
 19335 | Orc:1    | Received a gift from Nemelex Xobeh
 19386 | Orc:2    | Entered Level 2 of the Orcish Mines
 19407 | Orc:2    | Noticed Jorgrun
 19424 | Orc:2    | Killed Jorgrun
 19595 | Orc:2    | Found a staircase to the Elven Halls.
 19724 | Orc:2    | Noticed an orc warlord
 19836 | Orc:1    | Killed an orc warlord
 20105 | Orc:2    | Reached XP level 15. HP: 101/115 MP: 22/22
 20384 | Orc:2    | Found Sah Enac's General Store.
 20385 | Orc:2    | Found Satrin's Book Boutique.
 20387 | Orc:2    | Found Rounn's Antique Armour Boutique.
 20387 | Orc:2    | Found Saothraa's Antique Weapon Shop.
 20392 | Orc:2    | Bought a scroll of acquirement for 728 gold pieces
 20404 | Orc:2    | Bought a blackened battleaxe for 356 gold pieces
 20404 | Orc:2    | Identified the +2 battleaxe "Yloafucs" {drain, +Blink Will+
                  | rCorr Stlth+} (You bought it in a shop on level 2 of the
                  | Orcish Mines)
 20567 | D:10     | Killed Rassilon's ghost
 20891 | D:12     | Received a gift from Nemelex Xobeh
 21349 | D:12     | Received a gift from Nemelex Xobeh
 21360 | D:12     | Noticed Maurice
 21525 | D:11     | Reached skill level 11 in Invocations
 21646 | D:12     | Killed Maurice
 21901 | D:13     | Received a gift from Nemelex Xobeh
 22080 | D:13     | Found Erikhleob's Antique Weapon Emporium.
 22333 | D:14     | Received a gift from Nemelex Xobeh
 22744 | D:14     | Found Epohaire's Magic Scroll Shoppe.
 22748 | D:14     | Bought a scroll of enchant weapon for 112 gold pieces
 22748 | D:14     | Bought a scroll of enchant armour for 112 gold pieces
 22748 | D:14     | Bought a scroll of teleportation for 45 gold pieces
 22748 | D:14     | Bought a scroll of silence for 142 gold pieces
 22750 | D:14     | Bought a scroll of identify for 30 gold pieces
 22991 | D:14     | Received a gift from Nemelex Xobeh
 23572 | D:14     | Found a gate to the Vaults.
 23589 | D:14     | Reached skill level 12 in Invocations
 23693 | D:15     | Entered Level 15 of the Dungeon
 23933 | D:15     | Received a gift from Nemelex Xobeh
 24037 | D:15     | Reached XP level 16. HP: 104/127 MP: 25/25
 24320 | D:15     | Received a gift from Nemelex Xobeh
 24399 | D:15     | Reached skill level 13 in Invocations
 24564 | D:15     | Found a staircase to the Depths.
 24977 | Shoals:1 | Entered Level 1 of the Shoals
 25213 | Shoals:1 | Found a transporter.
 25236 | Shoals:1 | Found a transporter.
 25273 | Shoals:1 | Reached skill level 9 in Shields
 25282 | Shoals:1 | Found a transporter.
 25324 | Shoals:1 | Received a gift from Nemelex Xobeh
 25324 | Shoals:1 | Found a transporter.
 25349 | Shoals:1 | Noticed case's ghost (adept MiBe)
 25356 | Shoals:1 | Found a bloodstained altar of Trog.
 25504 | Shoals:1 | Found a transporter.
 25509 | Shoals:1 | Found a transporter.
 25512 | Shoals:1 | Received a gift from Nemelex Xobeh
 25758 | Shoals:1 | Found a transporter.
 25832 | Shoals:1 | Found a transporter.
 25977 | Shoals:2 | Noticed Roxanne
 26302 | Shoals:2 | Received a gift from Nemelex Xobeh
 26968 | Shoals:3 | Received a gift from Nemelex Xobeh
 27427 | Shoals:3 | Reached XP level 17. HP: 122/135 MP: 27/27
 27548 | Shoals:3 | Noticed a kraken
 27613 | Shoals:3 | Killed a kraken
 27873 | Shoals:3 | Received a gift from Nemelex Xobeh
 28304 | Elf:1    | Entered Level 1 of the Elven Halls
 28381 | Elf:1    | Found a runed translucent gate.
 28381 | Elf:1    | Found a runed translucent gate.
 28381 | Elf:1    | Found a runed translucent gate.
 28381 | Elf:1    | Identified the +8 flail "Guix" {pain, rF+}
 28387 | Elf:1    | Noticed gorgonaught's ghost (journeyman MiFi)
 28472 | Elf:1    | Paralysed by an air elemental for 1 turns
 28647 | Elf:1    | Identified the +2 war axe "Demonslayer" {speed, Will+}
 28647 | Elf:1    | Identified the +1 robe of Somewhere Else {Int+8}
 28678 | Elf:1    | Reached skill level 9 in Armour
 28702 | Elf:1    | Got the Elucidation of the Echidna
 28886 | Elf:1    | Noticed a Brimstone Fiend
 28959 | Elf:1    | Got Asmodeus's Elucidation of Attendants
 29149 | Elf:1    | Noticed a Tzitzimitl
 29231 | Abyss:3  | Cast into level 3 of the Abyss (a deep elf demonologist)
 29246 | Abyss:3  | Found a corrupted altar of Lugonu.
 29246 | Abyss:3  | Noticed a Hell Sentinel
 29255 | Abyss:3  | Killed a Hell Sentinel
 29285 | Abyss:3  | Found a corrupted altar of Lugonu.
 29319 | Abyss:3  | Found a corrupted altar of Lugonu.
 29334 | Abyss:3  | Found a corrupted altar of Lugonu.
 29370 | Abyss:3  | Found a corrupted altar of Lugonu.
 29387 | Abyss:3  | Found a corrupted altar of Lugonu.
 29431 | Abyss:3  | Found a corrupted altar of Lugonu.
 29545 | Abyss:3  | Received a gift from Nemelex Xobeh
 29650 | Abyss:3  | Reached skill level 14 in Invocations
 29860 | Abyss:3  | Noticed a lich
 29870 | Abyss:3  | Killed a lich
 29925 | Abyss:3  | Paralysed by accursed screaming for 1 turns
 29930 | Abyss:3  | Paralysed by accursed screaming for 2 turns
 29939 | Abyss:3  | Paralysed by accursed screaming for 1 turns
 29983 | Abyss:3  | Paralysed by an air elemental for 1 turns
 29985 | Abyss:3  | Paralysed by an air elemental for 1 turns
 29993 | Abyss:3  | Noticed a profane servitor
 29998 | Abyss:3  | Got an abyssal rune of Zot
 30042 | Abyss:3  | Killed a profane servitor
 30053 | Abyss:3  | Received a gift from Nemelex Xobeh
 30104 | Abyss:3  | Received a gift from Nemelex Xobeh
 30136 | Abyss:3  | Noticed a bone dragon
 30156 | Abyss:3  | Killed a bone dragon
 30208 | Abyss:3  | Reached XP level 18. HP: 110/145 MP: 28/28
 30245 | Abyss:3  | Found a corrupted altar of Lugonu.
 30247 | Abyss:3  | Found a corrupted altar of Lugonu.
 30349 | Abyss:3  | Paralysed by accursed screaming for 1 turns
 30425 | Elf:1    | Escaped the Abyss
 30427 | Elf:1    | Noticed an Ice Fiend
 30722 | Elf:1    | Identified the +1 robe "Xyos" {Int+5}
 30732 | Elf:1    | Paralysed by an air elemental for 1 turns
 30898 | Elf:1    | Found an iron altar of Okawaru.
 31177 | Elf:1    | Received a gift from Nemelex Xobeh
 31324 | Elf:2    | Reached skill level 15 in Invocations
 31357 | Elf:2    | Paralysed by an air elemental for 1 turns
 31363 | Elf:2    | Paralysed by an air elemental for 1 turns
 31375 | Elf:2    | Paralysed by an air elemental for 1 turns
 31381 | Elf:2    | Paralysed by an air elemental for 1 turns
 31491 | Elf:2    | Paralysed by an air elemental for 1 turns
 31558 | Elf:2    | Found a runed translucent door.
 31650 | Elf:2    | Reached skill level 15 in Fighting
 31786 | Elf:2    | Received a gift from Nemelex Xobeh
 32769 | Elf:2    | Found a huge runed translucent gate.
 32769 | Elf:2    | Found a huge runed translucent gate.
 32769 | Elf:2    | Found a huge runed translucent gate.
 32769 | Elf:2    | Found a huge runed translucent gate.
 32776 | Elf:2    | Found a huge runed translucent gate.
 33356 | Elf:2    | Received a gift from Nemelex Xobeh
 33373 | Elf:2    | Reached skill level 3 in Evocations
 34270 | Spider:1 | Entered Level 1 of the Spider Nest
 34583 | Spider:1 | Reached XP level 19. HP: 147/155 MP: 30/30
 35287 | Spider:1 | Received a gift from Nemelex Xobeh
 35660 | Spider:2 | Noticed Frances
 35664 | Spider:2 | Identified the +0 trident of the Fool {freeze, ^Fragile
                  | rF++ rN+ Dex+3}
 35680 | Spider:2 | Killed Frances
 35829 | Spider:2 | Noticed Arachne
 35857 | Spider:2 | Killed Arachne
 35993 | Spider:2 | Received a gift from Nemelex Xobeh
 37366 | Spider:3 | Received a gift from Nemelex Xobeh
 37606 | Spider:3 | Received a gift from Nemelex Xobeh
 37759 | Spider:3 | Identified the +8 short sword "Betoad" {flame, Dex+2}
 37841 | Spider:3 | Received a gift from Nemelex Xobeh
 38619 | Shoals:2 | Noticed Polyphemus
 38633 | Shoals:2 | Killed Polyphemus
 38669 | Shoals:4 | Entered Level 4 of the Shoals
 39099 | Shoals:4 | Received a gift from Nemelex Xobeh
 39114 | Shoals:4 | Got a barnacled rune of Zot
 39289 | Shoals:4 | Received a gift from Nemelex Xobeh
 39551 | Shoals:4 | Reached XP level 20. HP: 75/162 MP: 31/31
 39669 | Shoals:4 | Received a gift from Nemelex Xobeh
 40034 | Shoals:4 | Reached skill level 15 in Shields
 40378 | Elf:3    | Entered Level 3 of the Elven Halls
 40393 | Elf:3    | Received a gift from Nemelex Xobeh
 41238 | Elf:3    | Identified the +8 mace "Otreps" {heavy, rF+ rC+ Int+4}
 42317 | Elf:3    | Identified the +5 great mace of Wu Jian's Displeasure
                  | {freeze, Int+4}
 42798 | Elf:3    | Identified the +1 lajatang "Yraehyot" {vamp, rElec rN+
                  | Dex+7}
 43166 | Elf:3    | Identified the ring "Eptaps" {^Drain rElec rCorr Dex+2}
 43504 | Elf:3    | Identified the +8 battleaxe of the Brewing Wolf {flame,
                  | Str-4 Int-3 Dex+4 Stlth+}
 43767 | Elf:3    | Received a gift from Nemelex Xobeh
 44107 | Elf:3    | Found the +0 mask of the Dragon {Will+ Slay+3 SInv}
 44422 | Vaults:1 | Entered Level 1 of the Vaults
 44750 | Vaults:1 | Received a gift from Nemelex Xobeh
 44899 | Vaults:1 | Reached skill level 3 in Throwing
 45200 | Vaults:1 | Received a gift from Nemelex Xobeh
 45316 | Vaults:1 | Got the Parchment of Combustion and the Atmosphere
 45411 | Vaults:1 | Found Eskeno's Distillery.
 45625 | Vaults:1 | Received a gift from Nemelex Xobeh
 46208 | Vaults:2 | Received a gift from Nemelex Xobeh
 46298 | Vaults:2 | Identified the +1 pair of boots of the Stallion {+Blink}
 46663 | Vaults:2 | Received a gift from Nemelex Xobeh
 47083 | Vaults:2 | Reached XP level 21. HP: 88/173 MP: 32/32
 47355 | Vaults:3 | Found Qupot Poxoan's General Store.
 47409 | Vaults:3 | Bought a scroll of fog for 60 gold pieces
 47512 | Vaults:3 | Found a staircase to the Crypt.
 47513 | Vaults:3 | Received a gift from Nemelex Xobeh
 47768 | Vaults:3 | Noticed Bai Suzhen
 47770 | Vaults:3 | Bai Suzhen changed into Bai Suzhen the fenstrider witch
 47770 | Vaults:3 | Noticed Bai Suzhen
 47771 | Vaults:3 | Killed Bai Suzhen the fenstrider witch
 47928 | Vaults:3 | Received a gift from Nemelex Xobeh
 49057 | Vaults:4 | Noticed Donald
 49068 | Vaults:4 | Killed Donald
 49101 | Vaults:4 | Identified the +1 chain mail of the Moon {Rampage rCorr
                  | Dex+6 SInv}
 49460 | Vaults:4 | Identified the +9 arbalest "Qiaraera" {antimagic, Fly Str+3
                  | Dex-4}
 49472 | Vaults:4 | Found Qadampol's Magic Scroll Emporium.
 49534 | Vaults:4 | Bought a scroll of teleportation for 51 gold pieces
 49534 | Vaults:4 | Bought a scroll of blinking for 127 gold pieces
 49905 | Vaults:4 | Received a gift from Nemelex Xobeh
 50613 | Vaults:4 | Found Qadampol's Magic Scroll Emporium.
 51142 | Spider:4 | Entered Level 4 of the Spider Nest
 51303 | Spider:4 | Received a gift from Nemelex Xobeh
 51441 | Spider:4 | Reached skill level 9 in Throwing
 51640 | Spider:4 | Identified the +0 trident of the Lumpy Dances {elec, rF+}
 51712 | Spider:4 | Noticed Mlioglotl
 51842 | Spider:4 | Mlioglotl changed into Mlioglotl the hell hog
 51842 | Spider:4 | Noticed Mlioglotl
 51847 | Spider:4 | Killed Mlioglotl the hell hog
 51996 | Spider:4 | Received a gift from Nemelex Xobeh
 52105 | Spider:4 | Reached XP level 22. HP: 178/184 MP: 0/33
 52285 | Spider:4 | Identified the +1 pair of boots "Anubyn" {*Corrode Int+4}
 52292 | Spider:4 | Got a gossamer rune of Zot
 52339 | Spider:4 | Got the Quarto of Roasted Open Graves
 52638 | Depths:1 | Entered Level 1 of the Depths
 52741 | Depths:1 | Identified the +5 dagger "Ojekly" {heavy, rElec rC+}
 53540 | Depths:1 | Identified the ring "Megint" {Fly rN+}
 54111 | Depths:1 | Identified the +2 dagger "Ifrin" {speed, Will+ Stlth+}
 54120 | Depths:1 | Reached skill level 16 in Invocations
 54194 | Depths:1 | Got the Almanac of Overhead Confrontation
 54377 | Depths:1 | Received a gift from Nemelex Xobeh
 54603 | Depths:1 | You fall into a shaft and drop 1 floor!
 55117 | Depths:1 | Found a gateway to Hell.
 55264 | Depths:1 | Received a gift from Nemelex Xobeh
 55439 | Depths:1 | Found a one-way gate to the infinite horrors of the Abyss.
 55454 | Depths:1 | Received a gift from Nemelex Xobeh
 55810 | Depths:2 | Found a hide-covered altar of Uskayaw.
 55982 | Depths:2 | Identified the ring "Jixye" {rPois rCorr}
 56030 | Depths:2 | Found a one-way gate leading to the halls of Pandemonium.
 56603 | Depths:2 | Received a gift from Nemelex Xobeh
 56801 | Depths:3 | Found a one-way gateway to a ziggurat.
 57623 | Depths:3 | Noticed a caustic shrike
 57632 | Depths:3 | Killed a caustic shrike
 57633 | Depths:3 | Reached skill level 17 in Invocations
 57968 | Depths:3 | Noticed a golden dragon
 57977 | Depths:3 | Killed a golden dragon
 57978 | Depths:3 | Reached XP level 23. HP: 179/190 MP: 35/35
 58057 | Depths:3 | Noticed a juggernaut
 58063 | Depths:3 | Killed a juggernaut
 58719 | Depths:3 | Identified the +0 chain mail "Huhehi" {+Inv rC++}
 58785 | Depths:3 | Reached skill level 18 in Invocations
 59248 | Depths:3 | Received a gift from Nemelex Xobeh
 59466 | Depths:3 | Reached skill level 19 in Invocations
 59542 | Depths:3 | Identified the +7 broad axe of the Several Quests {freeze,
                  | Int+3}
 59661 | Depths:3 | Acquired 686 gold pieces
 59697 | Depths:4 | Entered Level 4 of the Depths
 60395 | Depths:4 | Received a gift from Nemelex Xobeh
 60567 | Depths:4 | Received a gift from Nemelex Xobeh
 60807 | Depths:4 | Found a gate to the Realm of Zot.
 61256 | Depths:4 | Reached skill level 20 in Invocations
 61437 | Zot:1    | Entered Level 1 of the Realm of Zot
 61560 | Zot:1    | Noticed an orb of fire
 61589 | Zot:1    | Killed an orb of fire
 61593 | Zot:1    | Noticed an orb of fire
 61712 | Zot:1    | Killed an orb of fire
 61965 | Zot:1    | Reached XP level 24. HP: 47/197 MP: 37/37
 62083 | Zot:1    | Reached skill level 21 in Invocations
 62158 | Zot:1    | Received a gift from Nemelex Xobeh
 62681 | Zot:1    | Received a gift from Nemelex Xobeh
 62997 | Zot:3    | Received a gift from Nemelex Xobeh
 65840 | Zot:3    | Received a gift from Nemelex Xobeh
 65846 | Zot:3    | Found a snail-covered altar of Cheibriados.
 65852 | Zot:3    | Found a snail-covered altar of Cheibriados.
 67863 | Zot:5    | Entered Level 5 of the Realm of Zot
 68636 | Zot:4    | Reached skill level 21 in Fighting
 68779 | Zot:5    | Received a gift from Nemelex Xobeh
 69125 | Zot:5    | Reached XP level 25. HP: 202/214 MP: 37/37
 69894 | Zot:5    | Reached skill level 22 in Invocations
 70258 | Zot:5    | Noticed an ancient lich
 70327 | Zot:5    | Noticed an orb of fire
 70354 | Zot:5    | Killed an orb of fire
 70359 | Zot:5    | Killed an ancient lich
 70394 | Zot:5    | Noticed a Killer Klown
 70407 | Zot:5    | Noticed a Killer Klown
 70419 | Zot:5    | Slain by a Killer Klown

Illustrated notes

Levels and vault maps discovered:
D:1:      beargit_arrival_diablo_church, layout_basic,
          dreamdust_mushroom_princess, minmay_cut_off
D:2:      layout_basic
D:3:      cheibrodos_old_hovel, layout_rooms, gammafunk_temple_overflow_statue
D:4:      layout_loops_ring, nicolae_ru_path_of_blood,
          minmay_temple_entry_trees, uniq_ijyb, uniq_crazy_yiuf_cottage
D:5:      layout_gridville, cheibrodos_sewer_entry_bend, uniq_menkaure
D:6:      layout_loops_corners, minivault_10, minmay_tree_intersection,
          chequers_jeans, serial_library_hellmonk_statue_hall
D:7:      layout_rooms, kennysheep_orc_sif_temple,
          nicolae_dithmenos_the_darkroom, enter_bailey_5
D:8:      layout_loops_corners, mainiacjoe_overflow_swirl, uniq_pikel,
          uniq_prince_ribbit1, uniq_joseph, uniq_amaemon, uniq_jeremiah,
          uniq_maggie
D:9:      layout_rooms, david_orc_3, uniq_erolcha
D:10:     layout_basic, enter_trove_3, st_stairs_10, uniq_sonja, uniq_harold,
          uniq_grum, uniq_nergalle
D:11:     layout_gridville, lair_entry_dummy, ebering_ghost_gozag,
          nicolae_underground_beach
D:12:     layout_basic, uniq_maurice
D:13:     layout_roguey, serial_shops, nicolae_shop_real_fake_doors
D:14:     layout_basic, grunt_vaults_entry_fortified, serial_shops,
          nicolae_shop_back_alley_shop, minmay_crystal_room,
          minmay_misc_feat_plants, chequers_serial_rivers_small_3
D:15:     gammafunk_enter_depths_forms, layout_irregular_city,
          minmay_misc_feat_columns
Lair:1:   layout_roguey, serial_bayou, serial_bayou_pond_c,
          serial_bayou_lagoon_a, serial_bayou_lake_a, serial_bayou_shore_a,
          serial_bayou_pond_c, minmay_holes, nicolae_lair_lil_pond,
          grunt_forest_small_clearing_treed
Lair:2:   layout_misc_corridors, mainiacjoe_shoals_entry_four_pools,
          dummy_spider_entry, st_stairs_11
Lair:3:   layout_regular_city, forest_entry_grove
Lair:4:   beast_lair_carwin_large_1, layout_regular_city,
          nicolae_slime_entry_slimehenge, lemuel_fruit_fields
Lair:5:   minmay_lair_end_enchanted_forest, layout_concentric_octagons,
          uniq_urug, uniq_rupert
Shoals:1: layout_shoals, gammafunk_ghost_wrathful_warriors,
          serial_nicolae_subway, nicolae_sub_station_metal,
          nicolae_sub_station_crystal, nicolae_sub_station_stone
Shoals:2: nicolae_shoals_island_circles, layout_shoals,
          nicolae_shoals_the_drawing_of_the_three, uniq_polyphemus, uniq_roxanne
Shoals:3: layout_shoals
Shoals:4: shoals_end_hangedman, layout_shoals
Spider:1: layout_spider_delve, drop_trap, nicolae_spider_nooks_and_crannies
Spider:2: nicolae_spider_hall_of_the_moth_king, nicolae_spider_shape,
          uniq_frances, uniq_arachne
Spider:3: layout_chambers
Spider:4: grunt_spider_rune_parallel, uniq_mlioglotl
Orc:1:    layout_caves, minmay_orc_temple_c
Orc:2:    st_orc_congregation, layout_diamond_mine, uniq_jorgrun
Elf:1:    cheibrodos_salmonella, layout_geoelf_octagon,
          gammafunk_ghost_fury_of_okawaru, minmay_elf_demonology,
          due_unseen_surprise
Elf:2:    elven_hall_of_blades_hangedman_alternative [nicolae_blade_lattice],
          layout_geoelf_diagonals, minivault_13
Elf:3:    elf_hall, layout_geoelf_diagonals, minivault_19,
          nicolae_elf_crossing_hall
Vaults:1: nicolae_vaults_security_offices_3, vaults_room_hallway,
          vaults_room_ringed_pool, nicolae_vaults_tangram_2,
          nicolae_vaults_closet_pinwheel_2, v_misc_13, layout_vaults_quadrants,
          serial_shops, shop
Vaults:2: nicolae_vaults_two_Ls, nicolae_vaults_shrinking_rooms_2,
          ontoclasm_vaults_shuriken, nicolae_vaults_little_squares_1, v_misc_19,
          vaults_room_corners, vaults_dpeg_ring, grunt_vaults_hallway_short,
          nicolae_vaults_house_2, layout_vaults_big_room
Vaults:3: minmay_crypt_entry_simple_sparse, nicolae_vaults_network_barrier,
          v_rooms_4, nicolae_vaults_offset_grid_hallway_2,
          ontoclasm_vaults_loading_screen, nicolae_vaults_six-pack,
          v_alt_pattern_1, nicolae_vaults_stepped_doors,
          nicolae_vaults_crenellated_ambush, nicolae_vaults_closet_pinwheel_4,
          v_pattern_1, nicolae_vaults_diamond_1, vaults_room_mumra_shop_pool,
          nicolae_vaults_specimen_jars, nicolae_vaults_trapezoid_1,
          layout_vaults_maze_bifur, uniq_bai_suzhen
Vaults:4: vaults_room_pools, nicolae_vaults_yaktaur_gun_rack,
          dpeg_vaults_monster_box, nicolae_vaults_heart-shaped_vault,
          nicolae_vaults_wrenched, ontoclasm_vaults_idyll,
          nicolae_vaults_little_squares_5, st_smaller_cells,
          nicolae_vaults_closet_pinwheel_5, v_misc_24,
          nicolae_vaults_storage_closets_1, vaults_dpeg_hooks,
          nicolae_vaults_prndl, layout_vaults_omnicross, serial_shops, shop,
          uniq_donald
Depths:1: minmay_heptahexagon, layout_long_grid, hellmouth_1, grunt_decor_cap,
          abyss_entry_crystal, amcnicky_mini_pool_medium
Depths:2: nicolae_cairo_tiling_large, layout_cave_pools, lightli_too_deep,
          nicolae_uskayaw_en_pointe, abyss_entry, pan_entry
Depths:3: minmay_the_grid_square_5x5_5x5 [minmay_the_grid_square_5x5_checkered,
          minmay_the_grid_square_5x5_fat_x, minmay_the_grid_square_5x5_percent,
          minmay_the_grid_square_5x5_inner_v,
          minmay_the_grid_square_5x5_eight_small, minmay_the_grid_square_5x5_v,
          minmay_the_grid_square_5x5_prize_itemx,
          minmay_the_grid_square_5x5_n_small,
          minmay_the_grid_square_5x5_prize_snowflake,
          minmay_the_grid_square_5x5_three_walls,
          minmay_the_grid_square_5x5_tie, minmay_the_grid_square_5x5_inner_i,
          minmay_the_grid_square_5x5_prize_monsterx,
          minmay_the_grid_square_5x5_misaligned,
          minmay_the_grid_square_5x5_bite, minmay_the_grid_square_5x5_minimal,
          minmay_the_grid_square_5x5_prize_pseudospiral,
          minmay_the_grid_square_5x5_two_walls_b,
          minmay_the_grid_square_5x5_prize_open,
          minmay_the_grid_square_5x5_checkered_sparse,
          minmay_the_grid_square_5x5_minivault,
          minmay_the_grid_square_5x5_checkered_statues,
          minmay_the_grid_square_5x5_bracketed,
          minmay_the_grid_square_5x5_detours,
          minmay_the_grid_square_5x5_shrine2], layout_gridville,
          ziggurat_fallback, hell_entry, abyss_entry_small_statue_room,
          rand_demon_pan_entry_7
Depths:4: grunt_zot_entry_bicorn, layout_small_grid, pf_hell_entry_tar_spiral,
          minmay_stone_trees_large
Zot:1:    layout_misc_corridors
Zot:2:    layout_onion_interference, st_large_dragon_hoard_4
Zot:3:    layout_cathedral_of_symmetry, regret_index_zotdec_serpentine_coiled,
          st_stairs_11
Zot:4:    layout_gridville, grunt_megastairs_5
Zot:5:    layout_misc_corridors

Skill      XL: |  1  2  3  4  5  6  7  8  9 10 11 12 13 14 15 16 17 18 19 20 21 22 23 24 25 |
---------------+----------------------------------------------------------------------------+-----
Fighting       | 4 5 6 8 9 10 12 13 15 16 18 21 | 21.3
Polearms       | 2 3 4 |  4.2
Maces & Flails | 2 4 |  4.0
Dodging        | 2 3 4 5 |  5.0
Axes           | 3 6 9 11 13 14 15 16 17 | 17.6
Armour         | 3 4 5 6 8 10 11 12 | 12.0
Invocations    | 3 4 7 8 9 10 12 13 14 15 17 20 21 22 | 22.0
Shields        | 5 6 10 11 12 14 15 | 15.0
Evocations     | 3 6 |  6.0
Throwing       | 6 9 12 | 12.3
Stealth        | |  4.1

Action                     |  1- 3 |  4- 6 |  7- 9 | 10-12 | 13-15 | 16-18 | 19-21 | 22-24 | 25-27 || total
---------------------------+-------+-------+-------+-------+-------+-------+-------+-------+-------++-------
  Melee: Spear             |   128 |    15 |       |       |       |       |       |       |       ||   143
         Mace              |       |   128 |    40 |       |       |       |       |       |       ||   168
         War axe           |       |       |   146 |   560 |  1297 |  1664 |       |       |       ||  3667
         Punch             |       |       |     1 |     9 |     3 |       |       |       |       ||    13
         Demon whip        |       |       |       |       |    19 |       |       |       |       ||    19
         Hand axe          |       |       |       |       |    13 |       |       |       |       ||    13
         Broad axe         |       |       |       |       |       |    46 |  1396 |  1555 |    90 ||  3087
  Throw: Dart              |       |     1 |       |     1 |     6 |     1 |     1 |     1 |       ||    11
         Boomerang         |       |       |       |       |       |       |    17 |    25 |     3 ||    45
         Javelin           |       |       |       |       |       |       |     8 |       |       ||     8
         Throwing net      |       |       |       |       |       |       |       |     3 |       ||     3
 Invoke: Draw Summoning    |       |       |     2 |     2 |    16 |    23 |    13 |    18 |     2 ||    76
         Draw Destruction  |       |       |       |     6 |    10 |    11 |    14 |     7 |       ||    48
         Deal Four         |       |       |       |     1 |     1 |     5 |     9 |    10 |       ||    26
         Draw Escape       |       |       |       |       |     2 |    20 |       |     7 |       ||    29
         Draw Stack        |       |       |       |       |     1 |       |     2 |     4 |       ||     7
         Stack Five        |       |       |       |       |     1 |       |     1 |     1 |       ||     3
         Triple Draw       |       |       |       |       |       |       |       |     1 |       ||     1
  Evoke: Wand              |       |       |       |     2 |     4 |    10 |    13 |     8 |       ||    37
         Box of beasts     |       |       |       |       |       |       |       |     2 |       ||     2
    Use: Scroll            |     4 |       |     3 |     5 |     5 |    29 |    13 |    29 |     1 ||    89
   Stab: Sleeping          |     9 |     5 |     4 |       |       |       |       |       |       ||    18
         Distracted        |       |       |       |       |     1 |     3 |     2 |     4 |       ||    10
         Held in net/web   |       |       |       |       |       |       |     1 |       |       ||     1
         Paralysed         |       |       |       |       |       |       |       |     1 |       ||     1
 Armour: Leather armour    |    50 |    84 |    39 |       |       |       |       |       |       ||   173
         Chain mail        |       |       |   121 |   537 |  1064 |  1339 |  1029 |       |       ||  4090
         Storm dragon scal |       |       |       |       |       |       |   340 |   603 |       ||   943
         Gold dragon scale |       |       |       |       |       |       |       |  1508 |    84 ||  1592
  Dodge: Dodged            |    47 |    93 |    96 |   216 |   590 |   706 |   638 |   480 |    12 ||  2878
  Block: Other             |       |    15 |     9 |       |       |       |       |       |       ||    24
         Buckler           |       |       |       |       |   155 |       |       |       |       ||   155
         Kite shield       |       |       |       |       |    91 |   857 |   908 |  1087 |    40 ||  2983
